Map: Lightshade LE

Players

uwuThermal (uThermal)

  • Race: Terran Terran
  • League: Master

DnS - Winner!

  • Race: Protoss Protoss
  • League: Master

Event: DreamHack SC2 Masters 2021 Summer

VOD

Have the link to the VOD?

Description

Time

  • Played on: May 26, 2021, 11:32 a.m.
  • Length: 8:25

All games in this series

Show
View Real Time Build Order
Export as new Build Order

uwuThermal Terran 

Build Orders:  

Get SALT Encoding   

  12  0:00  SCV  
  13  0:12  SCV  
  14  0:16  Supply Depot  
  14  0:24  SCV  
  14  0:27  Refinery  
  15  0:38  SCV  
  16  0:44  Barracks  
  16  0:50  SCV  
  16  0:53  Refinery  
  17  1:02  SCV  
  18  1:14  SCV  
  19  1:31  Reaper, Orbital Command  
  20  1:34  Factory  
  20  1:44  Supply Depot  
  20  1:56  SCV  
  21  2:03  Reaper  
  22  2:08  SCV  
  23  2:18  Hellion  
  23  2:20  SCV  
  26  2:26  Command Center  
  26  2:33  SCV  
  26  2:35  Reaper  
  28  2:39  Hellion  
  28  2:41  Supply Depot  
  30  2:45  SCV  
  31  2:52  Starport  
  31  3:03  SCV  
  32  3:05  Factory Tech Lab  
  32  3:07  Barracks Reactor  
  32  3:14  Barracks  
  32  3:20  Barracks  
  32  3:28  Cyclone  
  35  3:37  Viking  
  37  3:44  Marine x2  
  37  3:49  Orbital Command  
  35  4:00  Siege Tank  
  35  4:02  Marine  
  39  4:03  Marine  
  39  4:05  Marine  
  39  4:09  Marine  
  42  4:20  Marine  
  42  4:21  Marine  
  42  4:22  SCV, Marine  
  44  4:29  Viking  
  39  4:32  Marine  
  38  4:41  Siege Tank  
  38  4:43  Marine  
  40  4:46  Marine  
  40  4:49  Marine  
  40  4:51  SCV  
  43  4:54  SCV  
  43  4:55  Marine  
  45  5:01  Medivac  
  45  5:03  SCV  
  45  5:04  Marine  
  49  5:10  Marine, Supply Depot  
  50  5:16  Siege Tank  
  50  5:18  Marine  
  54  5:25  Supply Depot  
  54  5:32  SCV, Marine  
  54  5:35  Marine, Viking  
  59  5:37  SCV  
  59  5:38  Marine  
  59  5:39  Marine  
  62  5:49  Marine  
  62  5:51  Siege Tank  
  62  5:52  Marine  
  62  5:55  Marine  
  68  5:59  Marine  
  68  6:03  Supply Depot  
  65  6:20  Engineering Bay, Marine x2  
  65  6:23  Siege Tank  
  69  6:26  Supply Depot  
  69  6:31  Marine  
  70  6:34  Marine  
  70  6:37  Marine  
  71  6:44  Marine  
  72  6:48  Bunker  
  72  6:56  Siege Tank  
  74  7:03  Marine  
  74  7:04  Marine  
  73  7:20  Marine  
  66  7:27  Marine  
  66  7:28  Siege Tank  
  66  7:29  Marine  
  71  7:30  Marine  
  72  7:39  Marine  
  63  7:45  Marine  
  63  7:47  Marine  
  63  7:49  Marine  
  64  7:57  Marine  
  65  8:03  Marine  
  65  8:05  Marine  
  64  8:07  Marine  
  67  8:13  Starport Tech Lab  
Show
View Real Time Build Order
Export as new Build Order

DnS Protoss - Winner!

Build Orders: 1 Gate Expand 

Get SALT Encoding   

  12  0:00  Probe  
  13  0:12  Probe  
  14  0:17  Pylon  
  14  0:24  Probe  
  15  0:36  Probe  
  15  0:37  Gateway  
  16  0:48  Probe  
  17  1:08  Nexus  
  17  1:14  Assimilator  
  17  1:16  Probe  
  18  1:25  Cybernetics Core  
  18  1:28  Probe  
  19  1:40  Probe  
  20  1:53  Probe  
  21  1:54  Pylon  
  21  1:57  Warp Gate (Chrono Boost)  
  21  1:59  Adept (Chrono Boost)  
  23  2:12  Probe, Gateway  
  24  2:20  Probe  
  24  2:22  Adept  
  27  2:24  Probe  
  28  2:32  Probe  
  28  2:33  Gateway  
  28  2:36  Probe  
  30  2:44  Probe  
  30  2:48  Probe  
  32  2:55  Pylon  
  32  2:56  Probe  
  33  2:58  Adept (Chrono Boost)  
  33  3:00  Probe  
  36  3:08  Probe  
  37  3:13  Probe, Shield Battery  
  38  3:20  Probe  
  38  3:24  Adept  
  38  3:25  Probe  
  42  3:29  Adept  
  44  3:35  Stalker  
  44  3:36  Probe  
  44  3:37  Probe  
  47  3:48  Probe  
  48  3:49  Probe  
  48  3:52  Stalker x2  
  48  3:54  Assimilator  
  53  3:55  Pylon  
  53  4:00  Probe  
  54  4:06  Probe  
  54  4:08  Assimilator  
  53  4:12  Probe  
  54  4:17  Pylon, Stalker x2  
  54  4:18  Probe  
  57  4:24  Probe  
  57  4:30  Probe  
  55  4:35  Stalker  
  55  4:36  Probe  
  58  4:42  Probe  
  58  4:44  Twilight Council  
  55  4:48  Probe, Adept  
  55  4:51  Nexus  
  58  4:54  Pylon  
  58  4:55  Probe  
  58  4:58  Pylon  
  59  5:00  Stalker  
  59  5:01  Probe  
  63  5:07  Probe, Pylon  
  63  5:10  Stalker  
  63  5:12  Blink (Chrono Boost)  
  63  5:13  Probe  
  66  5:17  Pylon  
  66  5:19  Probe  
  67  5:25  Probe  
  68  5:31  Probe, Robotics Facility  
  68  5:33  Shield Battery  
  69  5:37  Probe  
  70  5:43  Probe, Stalker x2  
  70  5:49  Probe, Stalker  
  78  5:57  Probe  
  78  6:00  Shield Battery  
  78  6:01  Shield Battery  
  77  6:05  Gateway  
  77  6:10  Stalker x2  
  79  6:12  Shield Battery  
  79  6:18  Stalker  
  77  6:20  Shield Battery  
  77  6:22  Immortal (Chrono Boost)  
  81  6:32  Gateway  
  79  6:35  Stalker x2  
  83  6:51  Immortal (Chrono Boost)  
  87  6:58  Stalker x2  
  87  6:59  Zealot x2, Shield Battery  
  95  7:02  Gateway  
  95  7:05  Gateway  
  95  7:09  Pylon  
  67  7:24  Stalker x3  
  67  7:25  Stalker  
  67  7:28  Zealot  
  77  7:30  Probe x2  
  65  7:45  Probe  
  65  7:46  Probe x2  
  65  7:50  Stalker x4  
  74  7:57  Probe  
  74  7:58  Probe x2  
  74  8:00  Stalker  
  77  8:09  Probe  
  77  8:10  Probe x2  
  80  8:16  Zealot x6  
Tags
 
Add a new tag
Caveats
  • Supply blocks, unpowered buildings, or Contaminate may cause inaccurate times.
  • Supply counts are checked every 10 seconds.